 Dungeon Crawl Stone Soup version 0.22-a0-252-gcace5d2 (webtiles) character file.

55118 Amnesiac the Slinger (level 14, -15/75 HPs)
             Began as a Spriggan Fighter on Mar 1, 2018.
             Was the Champion of Okawaru.
             Demolished by an earth elemental (25 damage)
             ... on level 2 of the Elven Halls.
             The game lasted 00:55:57 (26772 turns).

Amnesiac the Slinger (Spriggan Fighter)            Turns: 26772, Time: 00:55:58

Health: -15/75     AC:  9    Str: 16    XL:     14   Next: 37%
Magic:  18/24      EV: 42    Int: 11    God:    Okawaru [******]
Gold:   1114       SH:  0    Dex: 23    Spells: 10/13 levels left

rFire    + . .     SeeInvis +   a - +0 fustibalus (flame)
rCold    + . .     Gourm    .   (shield restricted)
rNeg     . . .     Faith    +   c - +2 robe {rC+}
rPois    +         Spirit   .   n - +3 hat of Gozag's Regard {Dex+3}
rElec    +         Reflect  .   T - +0 cloak of Indemnity {rElec rF+ Stlth+}
rCorr    +         Harm     .   (gloves unavailable)
MR       ++...                  (boots unavailable)
Stlth    +++.......             B - amulet of faith
HPRegen  0.22/turn              J - ring of resist corrosion
MPRegen  0.19/turn              R - ring of poison resistance

@: agile, heroism, finesse, slow
A: very small, unfitting armour, see invisible, herbivore, speed 3, slow
metabolism 2
a: Heroism, Finesse, Renounce Religion


You were on level 2 of the Elven Halls.
You worshipped Okawaru.
Okawaru was exalted by your worship.
You were full.

You visited 3 branches of the dungeon, and saw 19 of its levels.
You also visited: Sewer.

You collected 2012 gold pieces.
You spent 898 gold pieces at shops.

Inventory:

Hand Weapons
 a - a +0 fustibalus of flaming (weapon)
 b - the +6 arbalest "Damnation" {damnation}
   (You took it off an orc on level 6 of the Dungeon)
 O - a +2 dagger of speed
Missiles
 g - 488 stones
 l - 7 needles of confusion
 p - 12 sling bullets (quivered)
 H - 90 bolts
Armour
 c - a +2 robe of cold resistance (worn)
 n - the +3 hat of Gozag's Regard (worn) {Dex+3}
   (You found it on level 2 of the Orcish Mines)

   It affects your dexterity (+3).
 F - a +2 buckler
 T - the +0 cloak of Indemnity (worn) {rElec rF+ Stlth+}
   (Okawaru gifted it to you on level 10 of the Dungeon)

   It protects you from fire.
   It insulates you from electricity.
   It makes you more stealthy.
Jewellery
 r - the amulet "Gaiwor" {Reflect +Blink rPois rF++ SH+4 Stlth-}
   (You acquired it on level 2 of the Orcish Mines)

   [amulet of reflection]

   It shields you and reflects attacks.
   It greatly protects you from fire.
   It protects you from poison.
   It lets you blink.
   It affects your SH (+4).
   It makes you less stealthy.
 B - an amulet of faith (around neck)
 J - a ring of resist corrosion (left hand)
 R - a ring of poison resistance (right hand)
Wands
 k - a wand of iceblast (16)
 G - a wand of paralysis (9)
 I - a wand of acid (32)
 Q - a wand of scattershot (7)
 U - a wand of enslavement (8)
Scrolls
 h - 10 scrolls of identify {!r}
 i - 3 scrolls of remove curse {!r}
 o - 6 scrolls of amnesia {!r}
 t - 2 scrolls of enchant armour {!r}
 v - 10 scrolls of teleportation {!r}
 y - a scroll of blinking {!r}
 L - 2 scrolls of enchant weapon {!r}
 M - 4 scrolls of magic mapping {!r}
 N - 3 scrolls of fog {!r}
 Y - 3 scrolls of fear {!r}
Potions
 d - 2 potions of might {!q}
 e - 2 potions of invisibility {!q}
 m - 3 potions of curing {!q}
 q - 5 potions of magic {!q}
 s - 3 potions of degeneration {!q}
 w - 2 potions of mutation {!q}
 x - 4 potions of haste {!q}
 C - a potion of lignification {!q}
 E - 3 potions of flight {!q}
 S - 3 potions of resistance {!q}
 W - 3 potions of cancellation {!q}
Miscellaneous
 j - 2 boxes of beasts
 z - a phial of floods (inert)
Comestibles
 f - 26 rations


   Skills:
 - Level 9.0(14.0) Fighting
   Level 2.0(7.0) Long Blades
 - Level 14.0(19.0) Slings
 - Level 3.0(8.0) Crossbows
 + Level 6.6(11.6) Armour
 - Level 14.0(19.0) Dodging
 - Level 2.2(7.2) Stealth
 - Level 7.2(12.2) Shields
 - Level 7.5 Invocations
 - Level 12.2 Evocations


You had 10 spell levels left.
You knew the following spells:

 Your Spells              Type           Power        Failure   Level  Hunger
s - Conjure Flame         Conj/Fire      #.......     71%         3    ####...


Dungeon Overview and Level Annotations

Branches:
Dungeon (15/15)            Temple (0/1) D:5            Lair (0/6) D:11
    Orc (2/2) D:12            Elf (2/3) Orc:2        Vaults (0/5) D:13
 Depths (0/5) D:15

Altars:
Ashenzari
Cheibriados
Dithmenos
Makhleb
Nemelex Xobeh
Okawaru
Qazlal
Ru
Sif Muna
Yredelemnul
Zin
The Shining One
Beogh

Shops:
D:11 }   Orc:2 }*[(   Elf:1 (

Annotations:
D:15 2 runed doors


Innate Abilities, Weirdness & Mutations

You are very small and have problems with some larger weapons.
You are too small for most types of armour.
You have supernaturally acute eyesight. (SInv)
You are a herbivore.
You cover ground extremely quickly.
You need consume almost no food.


Message History

The earth elemental completely misses you.
Firing (i - inventory. (/) - cycle)
p - 17 sling bullets (quivered)
Press: ? - help, Shift-Dir - straight line, f - orc high priest, p - rust devil
Aim: an orc high priest, wielding a scimitar of flaming You shoot a sling bullet.
The sling bullet barely misses the warg.
The sling bullet barely misses the orc high priest.
The rust devil hits you.
* * * LOW HITPOINT WARNING * * *
The orc high priest hits your water elemental with a scimitar of flaming.
The orc high priest burns your water elemental.
Your water elemental is destroyed!
Firing (i - inventory. (/) - cycle)
p - 16 sling bullets (quivered)
Press: ? - help, Shift-Dir - straight line, f/p - orc high priest
Aim: an orc high priest, wielding a scimitar of flaming You shoot a sling bullet.
The sling bullet hits the warg but does no damage.
You hear a splash.
The warg completely misses you. The red devil closely misses you.
The rust devil completely misses you. The orc warrior misses you.
The warg completely misses you.
The orc high priest hits you with a scimitar of flaming.
* * * LOW HITPOINT WARNING * * *
The earth elemental completely misses you.
The red devil closely misses you.
You see here a sling bullet.
Firing (i - inventory. (/) - cycle)
p - 15 sling bullets (quivered)
Press: ? - help, Shift-Dir - straight line, f/p - orc high priest
Aim: an orc high priest, wielding a scimitar of flaming You shoot a sling bullet.
The sling bullet hits the orc high priest.
The sling bullet burns the orc high priest.
The orc high priest is lightly wounded.
You hear a splash.
The rust devil dies!
The rust devil completely misses you. The warg completely misses you.
Firing (i - inventory. (/) - cycle)
p - 14 sling bullets (quivered)
Press: ? - help, Shift-Dir - straight line, f/p - orc high priest
Aim: an orc high priest, wielding a scimitar of flaming (lightly wounded)
You shoot a sling bullet.
The sling bullet hits the orc high priest.
The sling bullet burns the orc high priest.
The orc high priest is lightly wounded.
You hear a splash.
The orc warrior completely misses you.
Firing (i - inventory. (/) - cycle)
p - 13 sling bullets (quivered)
Press: ? - help, Shift-Dir - straight line, f/p - orc high priest
Aim: an orc high priest, wielding a scimitar of flaming (lightly wounded)
You shoot a sling bullet.
The sling bullet hits the orc high priest!
The sling bullet burns the orc high priest.
The orc high priest is moderately wounded.
You hear a splash.
The orc high priest hits you with a scimitar of flaming!
* * * LOW HITPOINT WARNING * * *
The orc high priest burns you.
* * * LOW HITPOINT WARNING * * *
The warg completely misses you.
Really quaff
u - a viscous sapphire potion {!q}?
It was a potion of agility {!q}.
You feel agile all of a sudden. The red devil misses you.
The rust devil completely misses you. The earth elemental hits you!!
You die...

##### ###≈..###
#######≈EE....#
.....≈4@he....#
#######oo4P.?.#
#≈.≈....#
#...../.#
###.(.### #####


You could see an orc high priest, a deep elf archer, an earth elemental, a rust
devil, a warg, a red devil, an orc warrior and a friendly water elemental.

Vanquished Creatures
  A fire giant (D:15)
  2 orc warlords
  A deep elf demonologist (Elf:1)
  4 vault guards (D:13)
  A hydra (D:15)
  5 two-headed ogres
  2 centaur warriors
  A dancing weapon (Elf:1)
  Urug (D:11)
  An orc high priest (Orc:1)
  3 unseen horrors
  4 deep elf archers
  A wizard (D:10)
  An orange crystal statue (D:15)
  19 deep elf magi
  3 orc knights
  8 ugly things (D:14)
  5 orc sorcerers
  4 cyclopes
  A kobold demonologist (D:15)
  A komodo dragon (D:11)
  A yaktaur (D:13)
  A tengu conjurer (D:13)
  4 trolls
  A hornet (D:10)
  10 slime creatures
  2 hippogriffs
  A spriggan (D:7)
  A wraith (D:14)
  A human (D:13)
  4 wyverns
  2 hungry ghosts (D:13)
  7 small abominations (D:10)
  3 wargs
  5 large abominations (D:10)
  2 water moccasins
  Duvessa (D:5)
  A hornet zombie (D:13)
  A sky beast (D:14)
  39 orc warriors
  2 phantoms
  A black bear (D:10)
  4 ice beasts
  8 ogres
  An eye of draining (D:13)
  14 centaurs
  3 big kobolds
  A wyvern zombie (D:6)
  9 bullfrogs
  2 wyvern skeletons
  4 scorpions
  Dowan (D:5)
  9 killer bees
  15 wights
  3 electric eels (D:13)
  2 howler monkeys
  2 bullfrog zombies
  8 crimson imps
  2 centaur zombies
  A quasit (D:9)
  4 bullfrog skeletons
  An iron imp (Orc:2)
  16 orc priests
  3 centaur skeletons
  25 orc wizards
  Crazy Yiuf (D:4)
  6 hounds
  5 jellies
  Jessica (D:3)
  4 iguanas
  8 worker ants
  A hound zombie (D:7)
  2 hound skeletons
  2 worker ant zombies
  4 gnolls (D:9)
  A howler monkey skeleton (D:7)
  2 river rats (D:3)
  11 adders
  2 shadow imps
  A white imp (Orc:2)
  A worm (D:3)
  3 dart slugs
  5 leopard geckos
  110 orcs
  5 bats
  9 giant cockroaches
  13 goblins
  5 hobgoblins
  21 jackals
  4 quokkas
  4 ball pythons
  12 frilled lizards
  20 kobolds
  15 rats
575 creatures vanquished.

Vanquished Creatures (others)
  A swamp drake (Orc:2)
  2 orc wizards
  A shadow imp (Orc:2)
  2 orcs (Orc:2)
  A plant (D:11)
7 creatures vanquished.

Grand Total: 582 creatures vanquished

Notes
Turn   | Place    | Note
-------+----------+-------------------------------------------
     0 | D:1      | Amnesiac the Spriggan Fighter began the quest for the Orb.
     0 | D:1      | Reached XP level 1. HP: 11/11 MP: 2/2
    64 | D:2      | Found an iron altar of Okawaru.
    69 | D:2      | Became a worshipper of Warmaster Okawaru
   147 | D:1      | Reached XP level 2. HP: 5/16 MP: 3/3
   774 | D:1      | Reached XP level 3. HP: 17/20 MP: 4/4
  1413 | D:2      | Reached XP level 4. HP: 18/24 MP: 5/5
  1882 | D:3      | Found a glowing drain.
  1916 | Sewer    | Entered a sewer
  2101 | Sewer    | Reached XP level 5. HP: 28/28 MP: 6/6
  2482 | D:3      | Reached * piety under Okawaru
  2482 | D:3      | Reached skill level 5 in Dodging
  2490 | D:3      | Found a basalt altar of Yredelemnul.
  2577 | D:3      | Found a faded altar of an unknown god.
  2698 | D:3      | Noticed Jessica
  2702 | D:3      | Killed Jessica
  2702 | D:3      | Reached skill level 1 in Slings
  2710 | D:3      | Found a deep blue altar of Sif Muna.
  3166 | D:4      | Reached XP level 6. HP: 32/32 MP: 7/7
  3635 | D:4      | Found a runed door.
  3799 | D:4      | Noticed Crazy Yiuf
  3841 | D:4      | Killed Crazy Yiuf
  3940 | D:5      | Entered Level 5 of the Dungeon
  3947 | D:5      | Reached skill level 5 in Slings
  3977 | D:5      | Reached ** piety under Okawaru
  3977 | D:5      | Reached XP level 7. HP: 23/36 MP: 8/8
  4484 | D:5      | Found a staircase to the Ecumenical Temple.
  4502 | D:5      | Noticed Duvessa
  4502 | D:5      | Noticed Dowan
  4537 | D:5      | Killed Dowan
  4583 | D:5      | Killed Duvessa
  4583 | D:5      | Reached XP level 8. HP: 25/40 MP: 9/9
  4860 | D:6      | Reached *** piety under Okawaru
  4861 | D:6      | Found a glowing silver altar of Zin.
  4957 | D:6      | Reached skill level 10 in Slings
  5182 | D:6      | Learned a level 3 spell: Conjure Flame
  5282 | D:6      | Found a shattered altar of Ashenzari.
  5283 | D:6      | Found a snail-covered altar of Cheibriados.
  5496 | D:6      | Found a burning altar of Makhleb.
  5688 | D:6      | Found a glowing golden altar of the Shining One.
  5690 | D:6      | Found a stormy altar of Qazlal.
  5997 | D:7      | Reached XP level 9. HP: 42/44 MP: 10/10
  6142 | D:7      | Reached **** piety under Okawaru
  6142 | D:7      | Reached skill level 1 in Evocations
  6510 | D:7      | Reached skill level 5 in Evocations
  7379 | D:8      | Received a gift from Okawaru
  7482 | D:8      | Reached skill level 1 in Crossbows
  8096 | D:9      | Reached ***** piety under Okawaru
  8298 | D:9      | Noticed a two-headed ogre
  8347 | D:9      | Killed a two-headed ogre
  8347 | D:9      | Received a gift from Okawaru
  8347 | D:9      | Received a gift from Okawaru
  8347 | D:9      | Received a gift from Okawaru
  8347 | D:9      | Reached XP level 10. HP: 49/49 MP: 17/17
  8404 | D:9      | Noticed a two-headed ogre
  8442 | D:9      | Killed a two-headed ogre
  8442 | D:9      | Reached skill level 5 in Invocations
  8680 | D:9      | Received a gift from Okawaru
  9297 | D:9      | Received a gift from Okawaru
  9323 | D:9      | Found a shattered altar of Ashenzari.
  9507 | D:10     | Entered Level 10 of the Dungeon
  9870 | D:10     | Received a gift from Okawaru
  9879 | D:10     | Got an encrusted cloak {god gift}
  9890 | D:10     | Identified the +0 cloak of Indemnity {rElec rF+ Stlth+} (Okawaru gifted it to you on level 10 of the Dungeon)
  9893 | D:10     | Noticed a wizard
  9934 | D:10     | Killed a wizard
 10202 | D:10     | Reached XP level 11. HP: 54/54 MP: 18/18
 10405 | D:10     | Noticed a large abomination
 10470 | D:10     | Killed a large abomination
 10470 | D:10     | Reached skill level 5 in Fighting
 10710 | D:10     | Reached skill level 5 in Shields
 10879 | D:10     | Noticed a large abomination
 10903 | D:10     | Killed a large abomination
 11320 | D:11     | Found Liddurog's Gadget Shop.
 11322 | D:11     | Bought a box of beasts for 240 gold pieces
 11322 | D:11     | Bought a box of beasts for 240 gold pieces
 11391 | D:11     | Noticed a two-headed ogre
 11428 | D:11     | Killed a two-headed ogre
 11668 | D:11     | Noticed a two-headed ogre
 11682 | D:11     | Killed a two-headed ogre
 11682 | D:11     | Received a gift from Okawaru
 11702 | D:11     | Found a sacrificial altar of Ru.
 11702 | D:11     | Noticed Urug
 11727 | D:11     | Killed Urug
 11832 | D:11     | Found a staircase to the Lair.
 12409 | D:12     | Noticed an unseen horror
 12434 | D:12     | Killed an unseen horror
 12434 | D:12     | Reached skill level 10 in Dodging
 13020 | D:12     | Noticed an unseen horror
 13039 | D:12     | Killed an unseen horror
 13039 | D:12     | Reached ****** piety under Okawaru
 13039 | D:12     | Reached XP level 12. HP: 53/62 MP: 19/19
 13078 | D:12     | Identified a scroll of acquirement {!r}
 13087 | D:12     | Found a roughly hewn altar of Beogh.
 13088 | D:12     | Found a staircase to the Orcish Mines.
 13258 | D:12     | Received a gift from Okawaru
 13878 | D:13     | HP: 1/62 [slime creature (12)]
 14249 | D:13     | Noticed a vault guard
 15549 | D:13     | Noticed a vault guard
 15558 | D:13     | Killed a vault guard
 15580 | D:13     | Noticed a vault guard
 15583 | D:13     | Killed a vault guard
 15583 | D:13     | Received a gift from Okawaru
 15585 | D:13     | Noticed a vault guard
 15587 | D:13     | Killed a vault guard
 15588 | D:13     | Killed a vault guard
 15588 | D:13     | Received a gift from Okawaru
 15599 | D:13     | Found a gate to the Vaults.
 15840 | D:13     | Noticed a two-headed ogre
 15877 | D:13     | Killed a two-headed ogre
 16778 | D:14     | Received a gift from Okawaru
 16877 | D:14     | Received a gift from Okawaru
 17077 | D:14     | Got bloodstained fire dragon scales {god gift}
 17093 | D:14     | Identified the +0 fire dragon scales of Calculation {rF++ rC- MR+ Int+3} (Okawaru gifted it to you on level 14 of the Dungeon)
 17128 | D:14     | Noticed a centaur warrior
 17402 | D:14     | Killed a centaur warrior
 17495 | D:14     | Reached XP level 13. HP: 69/69 MP: 20/20
 17892 | D:14     | Found a sparkling altar of Nemelex Xobeh.
 18507 | D:15     | Entered Level 15 of the Dungeon
 19183 | D:15     | Found a runed door.
 19216 | D:15     | Found a shadowy altar of Dithmenos.
 19289 | D:15     | Found a runed door.
 19354 | D:15     | Found a runed door.
 19524 | D:15     | Found a runed door.
 19558 | D:15     | Found a staircase to the Depths.
 19558 | D:15     | Noticed a fire giant
 19831 | D:15     | Killed a fire giant
 19831 | D:15     | Reached skill level 10 in Evocations
 20191 | Orc:1    | Entered Level 1 of the Orcish Mines
 20191 | Orc:1    | Found a burning altar of Makhleb.
 20836 | Orc:1    | Received a gift from Okawaru
 20955 | Orc:1    | Received a gift from Okawaru
 21223 | Orc:1    | Received a gift from Okawaru
 21243 | Orc:1    | Noticed an orc warlord
 21334 | D:12     | Killed an orc warlord
 21334 | D:12     | Received a gift from Okawaru
 21334 | D:12     | Reached skill level 1 in Stealth
 21622 | Orc:2    | Entered Level 2 of the Orcish Mines
 21744 | Orc:2    | Reached skill level 1 in Armour
 22561 | Orc:2    | Noticed an orc warlord
 22754 | Orc:2    | Killed an orc warlord
 23035 | Orc:2    | Found Lust's Antique Armour Shop.
 23037 | Orc:2    | Found a roughly hewn altar of Beogh.
 23046 | Orc:2    | Found Ysmellet's Antique Weapon Boutique.
 23194 | Orc:2    | HP: 3/70 [orc warrior/tomahawk (10)]
 23544 | Orc:2    | Got a brightly glowing hat
 23555 | Orc:2    | Identified the cursed +0 hat of the Shoals {rN+ Stlth+} (You found it on level 2 of the Orcish Mines)
 23581 | Orc:2    | Got a bloodstained hat
 23588 | Orc:2    | Identified the +3 hat of Gozag's Regard {Dex+3} (You found it on level 2 of the Orcish Mines)
 23925 | Orc:2    | Found a roughly hewn altar of Beogh.
 23983 | Orc:2    | Found a roughly hewn altar of Beogh.
 24036 | Orc:2    | Found a roughly hewn altar of Beogh.
 24040 | Orc:2    | Found Ethraj's General Store.
 24070 | Orc:2    | Found a staircase to the Elven Halls.
 24087 | Orc:2    | Found a roughly hewn altar of Beogh.
 24171 | Orc:2    | Found a roughly hewn altar of Beogh.
 24321 | Orc:2    | Reached XP level 14. HP: 75/75 MP: 24/24
 24330 | Orc:2    | Found a roughly hewn altar of Beogh.
 24352 | Orc:2    | Found Isolir's Gadget Emporium.
 24676 | Orc:2    | Paralysed by an orc sorcerer for 3 turns
 25196 | Orc:2    | Bought a +0 fustibalus for 210 gold pieces
 25196 | Orc:2    | Bought 25 sling bullets for 175 gold pieces
 25196 | Orc:2    | Bought 24 stones for 33 gold pieces
 25312 | Orc:2    | Got a bound bronze amulet
 25313 | Orc:2    | Identified the amulet "Gaiwor" {Reflect +Blink rPois rF++ SH+4 Stlth-} (You acquired it on level 2 of the Orcish Mines)
 25344 | Elf:1    | Entered Level 1 of the Elven Halls
 25527 | Elf:1    | Reached skill level 5 in Armour
 25672 | Elf:1    | Found Tijexown's Antique Weapon Boutique.
 25942 | Elf:1    | Received a gift from Okawaru
 26317 | Elf:1    | Identified the Tome of Companions
 26772 | Elf:2    | Demolished by an earth elemental

Vault maps used:
D:1:      shiori_shiawase
D:2:      okawaru_gym_becter, first_ration, minmay_misc_feat_cross
D:3:      yredelemnul_altar_generic, tgw_sif, portal_sewer_entry_a,
          chequers_ecumenical_altar_grove, minmay_tree_intersection,
          minmay_misc_feat_rows
D:4:      kennysheep_nondescript, uniq_crazy_yiuf_cottage
D:5:      temple_statues, uniq_duvessa
D:6:      grunt_temple_overflow_open, lemuel_round_altar,
          kennysheep_slug_shrine, basic_altar, nicolae_water_bricks,
          hangedman_decor_peaks_small
D:7:      the_bakery, kennysheep_generic_room_5
D:8:      grunt_decor_one_mirror, minmay_misc_feat_alley
D:9:      ashenzari_altar_1
D:10:     laboratory
D:11:     david_lair_shrubbed, serial_shops, shop, nicolae_ru_awakened_eye,
          uniq_urug
D:12:     david_orc_5
D:13:     grunt_vaults_entry_fortified, hangedman_decor_riveting
D:14:     nemelex_xobeh_ov_fountains_minmay
D:15:     grunt_enter_depths_giant_problem, nicolae_dithmenos_the_darkroom,
          minmay_statue_crystal_thing
Orc:1:    basic_altar, elf_legates
Orc:2:    grunt_orc_community_town_hall, grunt_orc_community_big_house_2,
          grunt_orc_community_big_house_2, grunt_orc_community_house_2,
          grunt_orc_community_house_1, grunt_orc_community_house_2,
          grunt_orc_community_house_1, grunt_orc_community_house_3,
          hangedman_minor_magic
Elf:1:    minmay_elf_arrival_circle, serial_shops, shop, minmay_elf_demonology
Sewer:    sewer_frog_island_01

Skill      XL: |  1  2  3  4  5  6  7  8  9 10 11 12 13 14 |
---------------+-------------------------------------------+-----
Long Blades    | 2 |  2.0
Fighting       | 3 4 6 8 9 |  9.0
Shields        | 3 4 6 7 |  7.2
Dodging        | 5 7 10 13 14 | 14.0
Slings         | 2 5 8 11 12 13 14 | 14.0
Evocations     | 8 12 | 12.2
Crossbows      | 3 |  3.0
Invocations    | 3 5 7 |  7.5
Stealth        | 2 |  2.2
Armour         | 3 6 |  6.6

Action                   |  1- 3 |  4- 6 |  7- 9 | 10-12 | 13-15 || total
-------------------------+-------+-------+-------+-------+-------++-------
Melee: Long sword        |     8 |       |       |       |       ||     8
       Dagger            |   124 |   227 |   283 |    27 |    49 ||   710
 Fire: Hunting sling     |       |    21 |   380 |  1288 |  1436 ||  3125
       Arbalest          |       |       |     4 |    22 |    21 ||    47
       Fustibalus        |       |       |       |       |   138 ||   138
Invok: Heroism           |       |       |       |     2 |     3 ||     5
       Finesse           |       |       |       |     1 |     2 ||     3
Evoke: Wand              |       |       |       |     1 |     7 ||     8
       Phial of floods   |       |       |       |       |     1 ||     1
  Use: Potion            |     1 |       |       |     4 |     2 ||     7
       Scroll            |       |    15 |       |    14 |     7 ||    36
 Stab: Sleeping          |     1 |     3 |     4 |       |       ||     8
       Paralysed         |       |       |       |    13 |    49 ||    62
  Eat: Ration            |       |     3 |       |     6 |     5 ||    14
Armor: Robe              |     6 |    12 |    23 |     6 |    19 ||    66
       Troll leather arm |       |       |       |       |     5 ||     5
Dodge: Dodged            |    92 |   131 |   266 |   228 |   395 ||  1112
Block: Buckler           |    32 |    56 |   111 |    84 |   157 ||   440
       Rpst.: Long sword |     2 |       |       |       |       ||     2

Table legend:
 A = Spawn XP
 B = Non-spawn XP
 C = Spawn XP percentage of total XP
 D = Spawn monster count
 E = Non-spawn monster count
 F = Spawn count percentage of total count
 G = Total turns spent on level
                    A         B        C        D         E        F      G
               +---------+---------+-------+---------+---------+-------+---------
         Total |       0 |   78741 |   0.0 |       0 |     575 |   0.0 | 26772
               +---------+---------+-------+---------+---------+-------+---------
           D:1 |       0 |      71 |   0.0 |       0 |      39 |   0.0 |  1340
           D:2 |       0 |      52 |   0.0 |       0 |      20 |   0.0 |   491
           D:3 |       0 |     207 |   0.0 |       0 |      31 |   0.0 |   738
           D:4 |       0 |     283 |   0.0 |       0 |      18 |   0.0 |   954
           D:5 |       0 |     911 |   0.0 |       0 |      21 |   0.0 |   965
           D:6 |       0 |    1035 |   0.0 |       0 |      31 |   0.0 |   986
           D:7 |       0 |    1519 |   0.0 |       0 |      25 |   0.0 |  1348
           D:8 |       0 |     985 |   0.0 |       0 |      27 |   0.0 |   816
           D:9 |       0 |    3712 |   0.0 |       0 |      30 |   0.0 |  1452
          D:10 |       0 |    5036 |   0.0 |       0 |      32 |   0.0 |  1813
          D:11 |       0 |    3022 |   0.0 |       0 |       8 |   0.0 |   807
          D:12 |       0 |    9302 |   0.0 |       0 |      58 |   0.0 |  2551
          D:13 |       0 |   10986 |   0.0 |       0 |      29 |   0.0 |  2758
          D:14 |       0 |    7633 |   0.0 |       0 |      32 |   0.0 |  2317
          D:15 |       0 |    7383 |   0.0 |       0 |      19 |   0.0 |  1195
         Orc:1 |       0 |    6125 |   0.0 |       0 |      23 |   0.0 |   870
         Orc:2 |       0 |    8476 |   0.0 |       0 |      93 |   0.0 |  3526
         Elf:1 |       0 |   11827 |   0.0 |       0 |      18 |   0.0 |  1398
         Elf:2 |       0 |     136 |   0.0 |       0 |       3 |   0.0 |    30
         Sewer |       0 |      40 |   0.0 |       0 |      18 |   0.0 |   417
               +---------+---------+-------+---------+---------+-------+---------
